 Dungeon Crawl Stone Soup version 0.22.1-2-g9c5b331 (webtiles) character file.

9592 Fang the Cleaver (level 11, -3/71 HPs)
             Began as a Gargoyle Berserker on Dec 7, 2018.
             Was a High Priest of Trog.
             Slain by a troll (9 damage)
             ... on level 11 of the Dungeon.
             The game lasted 00:12:38 (8919 turns).

Fang the Cleaver (Gargoyle Berserker)               Turns: 8919, Time: 00:12:38

Health: -3/71      AC: 13    Str: 23    XL:     11   Next: 48%
Magic:  11/11      EV: 13    Int:  9    God:    Trog [*****.]
Gold:   647        SH:  0    Dex:  9    Spells: 10/10 levels left

rFire    x . .     SeeInvis .   n - +3 hand axe (flame)
rCold    + + .     Gourm    .   (no shield)
rNeg     + . .     Faith    .   h - +1 leather armour of Zorow {*Corrode rPois MR++}
rPois    ∞         Spirit   .   (no helmet)
rElec    +         Reflect  .   (no cloak)
rCorr    .         Harm     .   (no gloves)
MR       ++...                  (no boots)
Stlth    ++........             (no amulet)
HPRegen  0.21/turn              g - ring of protection from cold
MPRegen  0.12/turn              l - ring of ice

@: berserk cooldown, slowed, very slow
A: negative energy resistance 1, electricity resistance, unbreathing,
petrification resistance, rot immunity, AC +8
a: Berserk, Trog's Hand, Brothers in Arms, Renounce Religion


You were on level 11 of the Dungeon.
You worshipped Trog.
Trog was extremely pleased with you.
You were hungry.

You visited 2 branches of the dungeon, and saw 12 of its levels.

You collected 647 gold pieces.

Inventory:

Hand Weapons
 n - a +3 hand axe of flaming (weapon)
 t - a +1 war axe
Armour
 h - the +1 leather armour of Zorow (worn) {*Corrode rPois MR++}
   (You found it on level 9 of the Dungeon)

   It protects you from poison.
   It affects your resistance to hostile enchantments.
   It may corrode you when you take damage.
 B - the +5 ring mail "Yxyshroir" {rF- Dex+4}
   (You found it on level 7 of the Dungeon)

   It affects your dexterity (+4).
   It makes you vulnerable to fire.
 G - a +0 plate armour
Jewellery
 g - a ring of protection from cold (left hand)
 l - a ring of ice (right hand)
Wands
 a - a wand of paralysis (30)
 D - a wand of acid (7)
 F - a wand of polymorph (11)
Scrolls
 b - 7 scrolls of identify
 d - a scroll of immolation
 i - 2 scrolls of fear {unknown}
 j - 3 scrolls of enchant armour {unknown}
 p - a scroll of teleportation
 q - 2 scrolls of noise
 r - 2 scrolls of magic mapping
 u - 2 scrolls of enchant weapon
 v - 6 scrolls of remove curse {unknown}
 w - a scroll of blinking {unknown}
 y - 2 scrolls of random uselessness {unknown}
 A - a scroll of fog {unknown}
 E - a scroll of amnesia {unknown}
 I - a scroll of torment {unknown}
Potions
 e - 5 potions of curing {unknown}
 f - 2 potions of might {unknown}
 k - a potion of lignification {unknown}
 m - 4 potions of haste {unknown}
 o - 2 potions of brilliance {unknown}
 s - 4 potions of heal wounds
 x - 3 potions of degeneration {unknown}
 z - a potion of invisibility
 C - a potion of berserk rage {unknown}
 H - a potion of mutation
 J - 2 potions of resistance {unknown}
Comestibles
 c - 21 rations
 K - 2 chunks of flesh


   Skills:
 + Level 9.1 Fighting
 + Level 11.9 Axes
 + Level 7.7 Armour
 + Level 5.0 Dodging
 + Level 3.7 Stealth


You had 10 spell levels left.
You didn't know any spells.
Your spell library was empty.

Dungeon Overview and Level Annotations

Branches:
Dungeon (11/15)            Temple (1/1) D:6            Lair (0/6) D:10
    Orc: D:9-12

Altars:
Ashenzari
Fedhas
Nemelex Xobeh
Okawaru
Qazlal
Ru
Sif Muna
Trog
Uskayaw
Yredelemnul


Innate Abilities, Weirdness & Mutations

You are resistant to torment.
Your stone body is resilient. (AC +8)
You are immune to poison.
You resist negative energy. (rN+)
You are resistant to electric shocks. (rElec)
You can survive without breathing.
You are immune to petrification.
You are immune to rotting.


Message History

* * * LOW HITPOINT WARNING * * *
The troll bites you but does no damage. The troll closely misses you.
The troll claws you.
* * * LOW HITPOINT WARNING * * *
You feel much better. The troll barely misses you. The troll claws you!
* * * LOW HITPOINT WARNING * * *
The troll claws you but does no damage. The ogre hits you but does no damage.
Your ogre goes berserk!
You feel somewhat more hungry. The troll barely misses you.
The troll claws you but does no damage. The troll claws you!
* * * LOW HITPOINT WARNING * * *
The ogre barely misses you. The troll closely misses you.
The troll claws you but does no damage. The troll misses you.
Your ogre barely misses the troll.
Things that are here:
a scimitar; a plate armour Unknown command.
You are feeling hungry.
The troll misses you. The troll barely misses you. The troll claws you!
You die...

*,,,,,,,......,**,+,,,* **,,
*,,,,,,,.....,,*,,***** **,
****,,,,,,,,....***,** *******
*,,,,,,,**+*#..#**,,,****,≈≈*,*
******,,*,,,#..#,,,,,,*,,**≈≈,,
*,,*,,,#).#*,,,,,,*****≈,,
*,,*,,,#)O#**,,,≈** **>,
*,,*,,,#OT# **≈≈** **,
*,,*,,,#.@# **** *, *,.###+#..#
**** ** ****,........# **,,** *
*,,,,........# *,**,****
*,,,,........# **,***,,≈≈
*,,,,........# ***,,*******
*,,,,.......## **≈≈,,,* *
*,,,,.......* *≈≈,,,,** *
*,,,,.......* **,,,,,,** *


You could see a troll, an ogre and a friendly ogre (berserk).

Vanquished Creatures
  Harold (D:7)
  A two-headed ogre (D:9)
  Pikel (D:6)
  An ugly thing (D:10)
  An elephant (D:10)
  2 trolls
  4 slime creatures (D:9)
  10 yaks
  Sigmund (D:6)
  A spriggan (D:7)
  A wyvern (D:9)
  2 basilisks (D:10)
  Duvessa (D:6)
  A water moccasin (D:7)
  2 sky beasts
  An ice beast (D:6)
  A phantom (D:5)
  4 orc warriors
  5 ogres
  2 necrophages
  6 centaurs
  2 bullfrogs (D:9)
  2 scorpions
  4 killer bees (D:11)
  4 howler monkeys
  3 crimson imps
  A bullfrog zombie (D:8)
  2 jellies
  3 hounds
  3 orc priests
  Crazy Yiuf (D:7)
  A bullfrog skeleton (D:5)
  An iguana (D:10)
  Terence (D:2)
  13 orc wizards
  4 worker ants
  A hound zombie (D:5)
  A hound skeleton (D:9)
  2 howler monkey zombies
  Robin (D:2)
  A worker ant zombie (D:7)
  5 adders
  A shadow imp (D:7)
  2 oozes
  An adder zombie (D:6)
  3 worms
  7 leopard geckos
  24 orcs
  5 giant cockroaches
  14 goblins
  8 hobgoblins
  9 jackals
  5 quokkas
  2 ball pythons
  A ball python skeleton (D:4)
  6 bats
  4 frilled lizards
  A jackal zombie (D:8)
  6 kobolds
  A leopard gecko skeleton (D:6)
  A leopard gecko zombie (D:3)
  A quokka zombie (D:8)
  6 rats
213 creatures vanquished.

Vanquished Creatures (others)
  3 slaves (D:6)
  A centaur (D:6)
  Dowan (D:6)
  A crimson imp (D:6)
  A worker ant (D:6)
  A hound skeleton (D:6)
  3 leopard geckos (D:6)
11 creatures vanquished.

Grand Total: 224 creatures vanquished

Notes
Turn   | Place    | Note
-------+----------+-------------------------------------------
     0 | D:1      | Fang the Gargoyle Berserker began the quest for the Orb.
     0 | D:1      | Reached XP level 1. HP: 14/14 MP: 1/1
   210 | D:1      | Reached XP level 2. HP: 14/19 MP: 2/2
   278 | D:1      | Reached skill level 3 in Axes
   643 | D:2      | Reached ** piety under Trog
   653 | D:2      | Noticed Robin
   654 | D:2      | Reached XP level 3. HP: 23/24 MP: 3/3
   670 | D:2      | Killed Robin
   755 | D:2      | Noticed Terence
   768 | D:2      | Killed Terence
   768 | D:2      | Reached XP level 4. HP: 16/29 MP: 4/4
   910 | D:2      | Found an iron altar of Okawaru.
  1430 | D:3      | Reached skill level 4 in Axes
  1430 | D:3      | Reached XP level 5. HP: 33/33 MP: 5/5
  1630 | D:3      | Found a sparkling altar of Nemelex Xobeh.
  1681 | D:3      | Reached *** piety under Trog
  1887 | D:4      | Found a shattered altar of Ashenzari.
  1899 | D:4      | Noticed an ogre
  1905 | D:4      | Killed an ogre
  1905 | D:4      | Reached XP level 6. HP: 39/39 MP: 6/6
  2209 | D:4      | Reached skill level 5 in Axes
  2276 | D:4      | Reached XP level 7. HP: 44/44 MP: 7/7
  2352 | D:5      | Entered Level 5 of the Dungeon
  2439 | D:5      | Reached skill level 5 in Fighting
  2814 | D:5      | Reached **** piety under Trog
  2930 | D:5      | Reached skill level 6 in Axes
  3263 | D:6      | Noticed Pikel
  3267 | D:6      | Reached XP level 8. HP: 50/50 MP: 8/8
  3287 | D:6      | Killed Pikel
  3287 | D:6      | Reached skill level 7 in Axes
  3287 | D:6      | Reached skill level 5 in Armour
  3313 | D:6      | Noticed Sigmund
  3329 | D:6      | Killed Sigmund
  3503 | D:6      | Killed Dowan
  3640 | D:6      | Reached XP level 9. HP: 55/55 MP: 9/9
  3644 | D:6      | Found a deep blue altar of Sif Muna.
  3657 | D:6      | Found a staircase to the Ecumenical Temple.
  3738 | D:6      | Noticed Duvessa
  3745 | D:6      | Killed Duvessa
  3745 | D:6      | Reached skill level 8 in Axes
  3745 | D:6      | Reached skill level 1 in Stealth
  3897 | D:6      | Found a glowing drain.
  4157 | Temple   | Entered the Ecumenical Temple
  4465 | D:7      | Noticed Harold
  4478 | D:7      | Killed Harold
  4478 | D:7      | Reached skill level 9 in Axes
  4559 | D:7      | Found a runed door.
  4660 | D:7      | Reached XP level 10. HP: 52/63 MP: 10/10
  4787 | D:7      | Got a bloodstained ring mail
  4798 | D:7      | Identified the +5 ring mail "Yxyshroir" {rF- Dex+4} (You
                  | found it on level 7 of the Dungeon)
  5041 | D:7      | Found a stormy altar of Qazlal.
  5041 | D:7      | Found a basalt altar of Yredelemnul.
  5042 | D:7      | Found an iron altar of Okawaru.
  5120 | D:7      | Found a bloodstained altar of Trog.
  5790 | D:7      | Noticed Crazy Yiuf
  5799 | D:7      | Killed Crazy Yiuf
  5849 | D:8      | Noticed a hand axe
  5855 | D:8      | Noticed a dagger
  5859 | D:8      | Found a hide-covered altar of Uskayaw.
  6457 | D:9      | Found a sacrificial altar of Ru.
  6553 | D:9      | Reached skill level 10 in Axes
  6594 | D:9      | Found a blossoming altar of Fedhas.
  6979 | D:9      | Noticed a two-headed ogre
  6987 | D:9      | Killed a two-headed ogre
  7373 | D:9      | Found a sparkling altar of Nemelex Xobeh.
  7454 | D:9      | Reached skill level 11 in Axes
  7581 | D:9      | Got an ichor-stained leather armour
  7592 | D:9      | Identified the +1 leather armour of Zorow {*Corrode rPois
                  | MR++} (You found it on level 9 of the Dungeon)
  7620 | D:10     | Entered Level 10 of the Dungeon
  7652 | D:10     | Found a staircase to the Lair.
  7653 | D:10     | Noticed an elephant
  7667 | D:10     | Reached XP level 11. HP: 42/68 MP: 11/11
  8191 | D:10     | Reached ***** piety under Trog
  8231 | D:10     | Noticed a green ugly thing
  8250 | D:10     | Killed a green ugly thing
  8833 | D:11     | Reached skill level 5 in Dodging
  8919 | D:11     | Slain by a troll

Skill      XL: |  1  2  3  4  5  6  7  8  9 10 11 |
---------------+----------------------------------+-----
Axes           | 3 4 5 6 7 9 11 | 11.9
Armour         | 3 4 5 6 7 |  7.7
Dodging        | 2 3 4 5 |  5.0
Fighting       | 4 5 6 7 8 9 |  9.1
Stealth        | 1 3 |  3.7

Action                   |  1- 3 |  4- 6 |  7- 9 | 10-12 || total
-------------------------+-------+-------+-------+-------++-------
Melee: Hand axe          |    95 |   111 |   232 |   282 ||   720
Invok: Berserk           |     2 |     2 |     5 |     9 ||    18
       Brothers in Arms  |       |       |       |     1 ||     1
  Use: Scroll            |       |       |       |     6 ||     6
       Potion            |       |       |       |     1 ||     1
 Stab: Sleeping          |       |       |       |     3 ||     3
  Eat: Chunk             |       |     6 |    10 |    12 ||    28
       Ration            |       |       |     1 |     3 ||     4
Armor: Animal skin       |     4 |       |       |       ||     4
       Ring mail         |    35 |    65 |   102 |    56 ||   258
       Leather armour    |       |       |       |    45 ||    45
Dodge: Dodged            |    60 |    71 |   119 |   161 ||   411
